 Dungeon Crawl Stone Soup version 0.28.0-43-g3370ac3207 (webtiles) character file.

Game seed: 6882764848165829831

5 cbfl8 the Sneak (level 1, -1/20 HPs)
             Began as a Minotaur Delver on Mar 25, 2022.
             Slain by a ball python (2 damage)
             ... on level 3 of the Dungeon.
             The game lasted 00:00:51 (157 turns).

cbfl8 the Sneak (Minotaur Delver)                    Turns: 157, Time: 00:00:52

Health: -1/20      AC:  3    Str: 16    XL:     1   Next: 66%
Magic:  0/0        EV: 11    Int:  7    God:
Gold:   0          SH:  0    Dex: 11    Spells: 0/0 levels left

rFire   . . .      SeeInvis .   h - +0 mace
rCold   . . .      Faith    .   (no shield)
rNeg    . . .      Spirit   .   b - +0 leather armour
rPois   .          Reflect  .   (helmet restricted)
rElec   .          Harm     .   (no cloak)
rCorr   .          Rampage  .   (no gloves)
Will    .....                   (no boots)
Stlth   ++........              (no amulet)
HPRegen 0.06/turn               (no ring)
MPRegen 0.07/turn               (no ring)

@: no status effects
A: horns 2, retaliatory headbutt
a: no special abilities


You were on level 3 of the Dungeon.
You visited 1 branch of the dungeon, and saw 3 of its levels.

Inventory:

Hand Weapons
 a - a +0 hand axe
 h - a +0 mace (weapon)
Armour
 b - a +0 leather armour (worn)
Wands
 g - a wand of digging (3)
Scrolls
 c - a scroll of fog
 d - a scroll of magic mapping
Potions
 f - a potion of haste


   Skills:
 + Level 3.8 Fighting
 + Level 2.4 Axes
 + Level 2.1 Dodging
 + Level 4.2 Stealth


You couldn't memorise any spells.
You didn't know any spells.
Your spell library was empty.

Dungeon Overview and Level Annotations

Branches:
Dungeon (5/15)
 Temple: D:4-7

Altars:


Innate Abilities, Weirdness & Mutations

You have a pair of horns on your head.
You reflexively headbutt those who attack you in melee.


Message History

You see here a hobgoblin corpse.
The endoplasm hits you. The orc misses you. The orc barely misses you.
An iguana comes into view.
The orc hits you but does no damage.
The iguana hisses angrily.
There is a stone staircase leading up here.
The orc hits you with a +0 hand axe. The orc closely misses you.
You furiously retaliate!
You headbutt the orc. The iguana barely misses you.
You climb upwards.
There is a stone staircase leading down here.
As you read the scroll of fear, it crumbles to dust.
You assume a fearsome visage.
The orc looks frightened!
The iguana looks frightened!
The orc looks frightened!
A ball python comes into view.
The orc seems to regain its courage.
The orc hits you with a +0 flail.
You hit the orc. Your headbutt misses the orc.
The orc is heavily wounded.
The orc barely misses you.
You hit the orc but do no damage.
The orc is heavily wounded.
The orc hits you with a +0 flail!
* * * LOW HITPOINT WARNING * * *
You hit the orc.
You kill the orc!
You start resting.
An iguana is nearby!
Things that are here:
a +0 flail; an orc corpse
Found an escape hatch in the floor.
The orc shouts!
The ball python hisses angrily.
The ball python bites you but does no damage.
The ball python grabs you. The ball python constricts you.
You escape the ball python's grasp.
The orc hits you with a +0 hand axe.
* * * LOW HITPOINT WARNING * * *
You hit the orc but do no damage. The orc misses you. You furiously retaliate!
You headbutt the orc. The ball python bites you.
You die...

#.# ..> # .. #.
#. #.# .##
#.###..## #
#####...##.#..#
#...)l..S@o.#
#.##.#.##..##
#.##.#.##..#
#.##....#..#
#.##.......'
#l##....#..#.
#.##...##..##.
#.##..###..# #.
#>..l....


You could see an iguana, an orc and a ball python.

Vanquished Creatures
  2 orcs
  A hobgoblin (D:4)
3 creatures vanquished.

Notes
Turn   | Place    | Note
-------+----------+-------------------------------------------
     0 | D:5      | cbfl8 the Minotaur Delver began the quest for the Orb.
     0 | D:5      | Reached XP level 1. HP: 19/19 MP: 0/0
    31 | D:5      | Noticed a jelly
    78 | D:5      | Noticed a hound
   120 | D:4      | Noticed an iguana
   156 | D:3      | HP: 1/20 [orc/+0 hand axe (1)]
   157 | D:3      | Slain by a ball python

Illustrated notes

Levels and vault maps discovered:
D:3:      layout_loops_corners, hellmonk_ecumenical_altar_leap_of_faith
D:4:      layout_rooms, serial_corexii_hall, corexii_hall_statues_s,
          chequers_hall_statues_y, nicolae_ossuary_entry_ruins
D:5:      layout_loops_cross

Action                   || total
-------------------------++-------
Melee: Mace              ||     5
  Use: Scroll            ||     1
Armor: Leather armour    ||     2
Dodge: Dodged            ||     9
